 Dungeon Crawl Stone Soup version 0.23.2-1-ga50397a (webtiles) character file.

Game seed: 4524469147222210882

59 myga the Cudgeler (level 4, -16/27 HPs)
             Began as a Gargoyle Gladiator on May 11, 2019.
             Blown up by Ijyb (18 damage)
             ... with a wand of disintegration (14)
             ... on level 3 of the Dungeon.
             The game lasted 00:09:05 (1895 turns).

myga the Cudgeler (Gargoyle Gladiator)              Turns: 1895, Time: 00:09:06

Health: -16/27     AC:  7    Str: 18    XL:     4   Next: 3%
Magic:  4/4        EV: 21    Int:  8    God:
Gold:   95         SH:  0    Dex: 17    Spells: 1/3 levels left

rFire    . . .     SeeInvis .   a - +0 flail
rCold    . . .     Gourm    .   (no shield)
rNeg     + . .     Faith    .   o - +0 robe
rPois    ∞         Spirit   .   c - +0 helmet
rElec    +         Reflect  .   (no cloak)
rCorr    .         Harm     .   m - +0 pair of gloves
MR       .....                  (no boots)
Stlth    +++.......             (no amulet)
HPRegen  0.09/turn              g - +3 ring of evasion
MPRegen  0.09/turn              (no ring)

@: agile
A: negative energy resistance 1, electricity resistance, unbreathing,
petrification resistance, rot immunity, AC +3
a: no special abilities


You were on level 3 of the Dungeon.
You were not hungry.

You visited 1 branch of the dungeon, and saw 3 of its levels.

You collected 95 gold pieces.

Inventory:

Hand Weapons
 a - a +0 flail (weapon)
Missiles
 d - 3 throwing nets
 e - 106 stones (quivered)
 i - 2 tomahawks
Armour
 c - a +0 helmet (worn)
 m - a +0 pair of gloves (worn)
 o - a +0 robe (worn)
Jewellery
 g - a +3 ring of evasion (left hand)
Scrolls
 h - a scroll of fear {unknown}
 j - a scroll of teleportation
 l - a scroll of amnesia {unknown}
 n - a scroll of remove curse {unknown}
 q - 3 scrolls of enchant armour {unknown}
 r - a scroll of enchant weapon {unknown}
Potions
 k - a potion of curing
 p - a potion of cancellation {unknown}
Comestibles
 f - 12 rations
 s - 3 chunks of flesh


   Skills:
 + Level 2.3 Fighting
 + Level 3.7 Maces & Flails
 + Level 2.3 Throwing
 + Level 0.5 Armour
 + Level 2.9 Dodging
 + Level 0.2 Stealth


You had one spell level left.
You knew the following spells:

 Your Spells              Type           Power        Failure   Level  Hunger
a - Animate Skeleton      Necr           N/A          41%         1    ##.....
b - Confusing Touch       Hex            #.....       41%         1    ##.....

Your spell library contained the following spells:

 Spells                   Type           Power        Failure   Level  Hunger
 Apportation              Tloc           #.....       41%         1    ##.....
 Summon Small Mammal      Summ           #...         41%         1    ##.....


Dungeon Overview and Level Annotations

Branches:
Dungeon (3/15)

Altars:
Kikubaaqudgha
Qazlal

Annotations:
D:3 Ijyb, Jessica


Innate Abilities, Weirdness & Mutations

You are resistant to torment.
Your stone body is resilient. (AC +3)
You are immune to poison.
You resist negative energy. (rN+)
You are resistant to electric shocks. (rElec)
You can survive without breathing.
You are immune to petrification.
You are immune to rotting.


Message History

The orc barely misses you.
You see here 12 gold pieces.
Jessica casts a spell.
Jessica blinks!
Jessica gestures wildly while chanting.
Jessica blinks!
You closely miss the orc.
The orc is almost dead.
The orc closely misses you.
You sock the orc!
You kill the orc!
Ijyb zaps a wand.
You barely resist. Ijyb hits you.
* * * LOW HITPOINT WARNING * * *
You closely miss Ijyb. Ijyb hits you but does no damage.
You hit Ijyb.
Ijyb is lightly wounded.
Ijyb misses you.
Ijyb zaps a wand.
You are blasted!
Ouch! That really hurt!
You die...

#.# #.......# ..#
#.#...#.# # ###
##.##.##.###### .
#.............#
#..#.##.......#
###..#.##..#.#..#
#.)........#.#..##
#.#.#####.##.g....
#@#.#####.####..#.
#g#....$§.......#
#..#...(.(.)...##
##.#.......#####
#.#.......#
#.#.....(.#
#.#.......#
#.#.........
#....(....


You could see Ijyb.

Vanquished Creatures
  An adder (D:2)
  An ooze (D:1)
  2 dart slugs (D:1)
  A leopard gecko (D:1)
  2 orcs (D:3)
  3 giant cockroaches
  5 goblins
  4 hobgoblins (D:1)
  A ball python (D:1)
  2 bats (D:1)
  3 frilled lizards (D:1)
  5 kobolds
  7 rats
37 creatures vanquished.

Vanquished Creatures (collateral kills)
  A bat (D:3)
1 creature vanquished.

Grand Total: 38 creatures vanquished

Notes
Turn   | Place    | Note
-------+----------+-------------------------------------------
     0 | D:1      | myga the Gargoyle Gladiator began the quest for the Orb.
     0 | D:1      | Reached XP level 1. HP: 12/12 MP: 1/1
   167 | D:1      | Reached XP level 2. HP: 15/17 MP: 2/2
   473 | D:1      | Reached XP level 3. HP: 20/22 MP: 3/3
   956 | D:2      | Found an ancient bone altar of Kikubaaqudgha.
  1187 | D:2      | Found a stormy altar of Qazlal.
  1597 | D:1      | Learned a level 1 spell: Animate Skeleton
  1599 | D:1      | Learned a level 1 spell: Confusing Touch
  1849 | D:3      | Reached XP level 4. HP: 27/27 MP: 4/4
  1863 | D:3      | Noticed Ijyb
  1865 | D:3      | Noticed Jessica
  1869 | D:3      | HP: 1/27 [orc/+0 club (2)]
  1895 | D:3      | Blown up by Ijyb

Skill      XL: |  1  2 |
---------------+-------+-----
Throwing       | 2 |  2.3
Fighting       | |  2.3
Maces & Flails | |  3.7
Armour         | |  0.5
Dodging        | |  2.9
Stealth        | |  0.2

Action                   |  1- 3 |  4- 6 || total
-------------------------+-------+-------++-------
Melee: Flail             |    75 |     5 ||    80
Throw: Stone             |    56 |     1 ||    57
       Tomahawk          |       |     4 ||     4
 Cast: Animate Skeleton  |     1 |       ||     1
  Use: Scroll            |     2 |       ||     2
       Potion            |     1 |     1 ||     2
 Stab: Sleeping          |     1 |       ||     1
  Eat: Chunk             |     3 |       ||     3
Armor: Leather armour    |    17 |       ||    17
       Robe              |     3 |     1 ||     4
Dodge: Dodged            |    54 |     4 ||    58
